 Dungeon Crawl Stone Soup version 0.23.0 (webtiles) character file.

Game seed: 16657459243430838564

1357 MalarOregon the Magician (level 8, -8/52 HPs)
             Began as a Merfolk Wizard on Feb 12, 2019.
             Was a Believer of Sif Muna.
             Mangled by an ogre
             ... wielding a +0 giant club
              (30 damage)
             ... on level 6 of the Dungeon.
             The game lasted 00:20:05 (7531 turns).

MalarOregon the Magician (Merfolk Wizard)           Turns: 7531, Time: 00:20:06

Health: -8/52      AC:  3    Str:  7    XL:     8   Next: 64%
Magic:  10/18      EV: 13    Int: 25    God:    Sif Muna [**....]
Gold:   285        SH:  0    Dex: 12    Spells: 6/20 levels left

rFire    . . .     SeeInvis .   i - +4 dagger (elec)
rCold    . . .     Gourm    .   (no shield)
rNeg     . . .     Faith    .   a - +0 robe
rPois    +         Spirit   .   w - +0 helmet
rElec    .         Reflect  .   o - scarf {cloud immunity}
rCorr    .         Harm     .   (no gloves)
MR       .....                  (no boots)
Stlth    ++........             (no amulet)
HPRegen  0.17/turn              l - ring of poison resistance
MPRegen  0.16/turn              b - +5 ring of intelligence

@: studying Armour
A: change form in water, swift swim, stealthy swim
a: Divine Energy, Renounce Religion


You were on level 6 of the Dungeon.
You worshipped Sif Muna.
Sif Muna was pleased with you.
You were very hungry.

You visited 1 branch of the dungeon, and saw 6 of its levels.

You collected 285 gold pieces.

Inventory:

Hand Weapons
 i - a +4 dagger of electrocution (weapon)
   (You found it on level 1 of the Dungeon)
Missiles
 s - 2 poisoned tomahawks (quivered)
 x - a throwing net {!f}
Armour
 a - a +0 robe (worn)
 o - a scarf of cloud immunity (worn)
   (You found it on level 2 of the Dungeon)
 w - a +0 helmet (worn)
   (You found it on level 3 of the Dungeon)
Jewellery
 b - a +5 ring of intelligence (right hand)
   (You found it on level 5 of the Dungeon)
 l - a ring of poison resistance (left hand)
   (You found it on level 4 of the Dungeon)
 p - an uncursed ring of positive energy
   (You found it on level 2 of the Dungeon)
Wands
 c - a wand of disintegration (13)
   (You found it on level 5 of the Dungeon)
Scrolls
 h - 2 scrolls of remove curse {@r2}
 j - 6 scrolls of identify {@r1}
 k - 2 scrolls of blinking
 m - 2 scrolls of fog
 u - a scroll of immolation {!r}
 v - a scroll of enchant armour {unknown}
 A - a scroll of magic mapping
Potions
 d - 4 potions of brilliance
 f - 2 potions of curing {@q1}
 g - a potion of mutation {!q}
 n - 3 potions of flight
 q - 4 potions of lignification {!q}
 r - 2 potions of ambrosia
 z - 2 potions of haste {@q3}
Books
 y - a manual of Armour {!d}
   (You found it on level 4 of the Dungeon)
Comestibles
 e - 12 rations {!d}


   Skills:
 + Level 3.6 Armour
 - Level 2.6 Dodging
 - Level 2.1 Stealth
 + Level 6.9 Spellcasting
 + Level 5.6 Conjurations
 - Level 1.0 Summonings
 - Level 0.7 Translocations


You had 6 spell levels left.
You knew the following spells:

 Your Spells              Type           Power        Failure   Level  Hunger
a - Magic Dart            Conj           ####         1%          1    None
b - Blink                 Tloc           N/A          8%          2    None
d - Conjure Flame         Conj/Fire      ###.....     6%          3    None
f - Mephitic Cloud        Conj/Pois/Air  ###.....     10%         3    None
s - Dazzling Spray        Conj/Hex       ###...       6%          3    None
x - Call Imp              Summ           ##......     7%          2    None

Your spell library contained the following spells:

 Spells                   Type           Power        Failure   Level  Hunger
 Searing Ray              Conj           #####.       1%          2    None
 Iskenderun's Mystic Bla  Conj           #####...     7%          4    ###....
 Slow                     Hex            #.......     11%         2    None
 Force Lance              Conj/Tloc      ###.....     19%         4    ###....
 Fulminant Prism          Conj/Hex       ###.......   22%         4    ###....


Dungeon Overview and Level Annotations

Branches:
Dungeon (6/15)
 Temple: D:4-7

Altars:
Sif Muna

Shops:
D:5 (

Annotations:
D:4 3 runed translucent doors, oik's ghost, amateur OpFi


Message History

You now have 285 gold pieces (gained 11).
Things that are here:
6 arrows; a cursed +0 shortbow You see here 8 arrows.
Found a stone staircase leading down.
You are feeling very hungry.
There is an open door here.
As you open the door, it creaks loudly!
There is an open door here.
Done exploring.
You open the door.
There is an open door here.
There is a stone staircase leading down here.
You climb downwards.
An ogre comes into view. It is wielding a +0 giant club.
The ogre shouts!
You hear an angry hiss.
There is a stone staircase leading up here.
Aim: an ogre, wielding a +0 giant club The ball explodes into a vile cloud!
The stinking cloud engulfs the ogre but does no damage.
The stinking cloud engulfs you but does no damage.
You hear a shout!
The ogre is engulfed in noxious fumes.
The ogre appears confused.
The ogre is engulfed in noxious fumes.
The ogre appears confused.
You hit the ogre.
The ogre is engulfed in noxious fumes.
The ogre appears confused.
The ogre hits you with a +0 giant club!
You hit the ogre. Lightning courses through the ogre!
An adder comes into view.
You hit the ogre. Lightning courses through the ogre!
You kill the ogre!
Sif Muna accepts your kill. The adder bites you but does no damage.
You hit the adder. Lightning courses through the adder!
You kill the adder!
Sif Muna accepts your kill.
An ogre comes into view. It is wielding a +0 giant club.
There is a stone staircase leading up here.
Aim: an ogre, wielding a +0 giant club The spray of energy hits the ogre.
The ogre is dazzled.
You hit the ogre. The ogre hits you with a +0 giant club!
* * * LOW HITPOINT WARNING * * *
Aim: an ogre, wielding a +0 giant club (moderately wounded, blind)
The ball explodes into a vile cloud!
The stinking cloud engulfs the ogre but does no damage.
The stinking cloud engulfs you but does no damage.
The ogre is no longer blind.
The ogre is engulfed in noxious fumes.
The ogre appears confused.
The ogre hits you with a +0 giant club!!
Ouch! That really hurt!
You die...

### #..
#.# #.#
#O#
###@#
#..<#
#.#.#
#.#.).#
# ###.#
..# ##


You could see an ogre (confused).

Vanquished Creatures
  Sigmund (D:4)
  3 ogres
  2 centaurs (D:5)
  A crimson imp (D:3)
  A hound (D:4)
  3 orc priests
  3 orc wizards
  An iguana (D:4)
  Natasha (thrice) (D:2)
  A worker ant (D:4)
  5 gnolls (D:4)
  12 adders
  A shadow imp (D:5)
  An ooze (D:5)
  An adder skeleton (D:5)
  6 worms
  2 dart slugs (D:1)
  3 leopard geckos
  14 orcs
  A ball python (D:1)
  10 bats
  4 giant cockroaches
  9 goblins
  11 hobgoblins
  16 jackals
  9 frilled lizards
  2 giant cockroach zombies (D:1)
  7 kobolds
  9 rats
142 creatures vanquished.

Vanquished Creatures (collateral kills)
  An orc warrior (D:4)
  A howler monkey (D:4)
  A jackal (D:4)
  A rat (D:2)
4 creatures vanquished.

Grand Total: 146 creatures vanquished

Notes
Turn   | Place    | Note
-------+----------+-------------------------------------------
     0 | D:1      | MalarOregon the Merfolk Wizard began the quest for the Orb.
     0 | D:1      | Reached XP level 1. HP: 13/13 MP: 4/4
   123 | D:1      | Reached skill level 1 in Conjurations
   317 | D:1      | Reached XP level 2. HP: 19/19 MP: 0/6
   727 | D:1      | Reached XP level 3. HP: 19/24 MP: 7/7
  1434 | D:2      | Learned a level 2 spell: Call Imp
  1437 | D:2      | Learned a level 2 spell: Blink
  1441 | D:2      | Learned a level 3 spell: Conjure Flame
  1601 | D:2      | Found a deep blue altar of Sif Muna.
  1607 | D:2      | Became a worshipper of Sif Muna the Loreminder
  1662 | D:2      | Noticed Natasha
  1801 | D:2      | Reached XP level 4. HP: 30/30 MP: 9/9
  2042 | D:2      | Reached skill level 4 in Spellcasting
  2402 | D:2      | Killed Natasha
  2682 | D:2      | Noticed Natasha
  2697 | D:2      | Killed Natasha
  2697 | D:2      | Reached XP level 5. HP: 13/35 MP: 1/11
  2953 | D:2      | Found a deep blue altar of Sif Muna.
  3330 | D:2      | Noticed Natasha
  3340 | D:2      | Killed Natasha
  3731 | D:3      | Learned a level 3 spell: Mephitic Cloud
  3944 | D:3      | Reached XP level 6. HP: 41/41 MP: 2/13
  4157 | D:3      | Reached * piety under Sif Muna
  4339 | D:3      | Reached skill level 5 in Spellcasting
  5204 | D:4      | Reached XP level 7. HP: 43/46 MP: 9/15
  5649 | D:4      | Reached skill level 6 in Spellcasting
  5824 | D:4      | Noticed Sigmund
  5838 | D:4      | Killed Sigmund
  5838 | D:4      | Reached skill level 1 in Armour
  5838 | D:4      | Reached skill level 5 in Conjurations
  5838 | D:4      | Reached XP level 8. HP: 52/52 MP: 12/17
  6075 | D:4      | Found a runed translucent gate.
  6076 | D:4      | Found a runed translucent gate.
  6076 | D:4      | Found a runed translucent gate.
  6076 | D:4      | Noticed oik's ghost (amateur OpFi)
  6092 | D:4      | Reached ** piety under Sif Muna
  6298 | D:5      | Entered Level 5 of the Dungeon
  6334 | D:5      | Learned a level 3 spell: Dazzling Spray
  6683 | D:5      | Found Mimanumn's Weapon Boutique.
  7531 | D:6      | Mangled by an ogre

Skill      XL: |  1  2  3  4  5  6  7  8 |
---------------+-------------------------+-----
Conjurations   | 1 2 3 4 5 |  5.6
Spellcasting   | 4 5 6 |  6.9
Armour         | 1 3 |  3.6
Dodging        | |  2.6
Stealth        | |  2.1
Summonings     | |  1.0
Translocations | |  0.7

Action                   |  1- 3 |  4- 6 |  7- 9 || total
-------------------------+-------+-------+-------++-------
Melee: Dagger            |    62 |    97 |   115 ||   274
Throw: Tomahawk          |       |       |     1 ||     1
 Cast: Magic Dart        |    47 |    96 |    51 ||   194
       Call Imp          |       |     6 |     3 ||     9
       Mephitic Cloud    |       |     5 |     9 ||    14
       Dazzling Spray    |       |       |     9 ||     9
  Use: Scroll            |       |       |    14 ||    14
 Stab: Sleeping          |     3 |     2 |     2 ||     7
       Confused          |       |       |     1 ||     1
  Eat: Chunk             |     3 |    11 |     6 ||    20
Armor: Robe              |     2 |    16 |    11 ||    29
Dodge: Dodged            |    32 |    59 |    76 ||   167
